 Dungeon Crawl Stone Soup version 0.21.1-1-g345015fe64 (webtiles) character file.

264167 Lavandula the Warrior (level 20, -9/168 HPs)
             Began as a Barachi Earth Elementalist on July 21, 2018.
             Was the Champion of Cheibriados.
             Killed from afar by a titan (54 damage)
             ... with a bolt of lightning
             ... on level 5 of the Vaults on July 23, 2018.
             The game lasted 02:25:18 (16683 turns).

Lavandula the Warrior (Barachi Earth Elementalist) Turns: 16683, Time: 02:25:19

Health: -9/168     AC: 22    Str: 26    XL:     20   Next: 4%
Magic:  1/35       EV: 25    Int: 38    God:    Cheibriados [******]
Gold:   2434       SH:  9    Dex: 30    Spells: 16/42 levels left

rFire    . . .     SeeInvis +   n - +2 double sword of the Lesser Evil {vamp, +Inv +Fly rF- Stlth-}
rCold    + . .     Gourm    .   X - +2 buckler {rC+ rF+}
rNeg     . . .     Faith    .   Y - +0 swamp dragon scales
rPois    +         Spirit   .   j - +2 hat
rElec    .         Reflect  .   M - scarf {repulsion}
rCorr    .         Harm     .   O - +3 pair of gauntlets of War {Slay+5}
MR       +....                  a - +1 pair of boots
Stlth    ++........             I - amulet of regeneration
HPRegen  0.78/turn              D - ring of wizardry
MPRegen  0.24/turn              W - ring of see invisible

@: marked, very slightly contaminated, heavily drained, repel missiles, very
slow
A: +LOS, swims, iridescent scales 1, thin skeletal structure 1, yellow scales 1,
shaggy fur 1, slowness 1, strong legs 2
}: 2/15 runes: decaying, serpentine
a: Hop, Bend Time, Temporal Distortion, Slouch, Step From Time, Renounce
Religion, Evoke Invisibility, Evoke Flight


You were on level 5 of the Vaults.
You worshipped Cheibriados.
Cheibriados was exalted by your worship.
You were not hungry.

You visited 8 branches of the dungeon, and saw 37 of its levels.
You also visited: Sewer, Bailey, Ice Cave and Volcano.

You collected 3029 gold pieces.
You spent 595 gold pieces at shops.

Inventory:

Hand Weapons
 n - the +2 double sword of the Lesser Evil (weapon) {vamp, +Inv +Fly rF- Stlth-}
   (You acquired it on level 4 of the Lair of Beasts)

   It inflicts no extra harm, but heals its wielder when it wounds a living foe.
   It makes you vulnerable to fire.
   It lets you turn invisible.
   It lets you fly.
   It makes you less stealthy.
 B - a +2 scimitar of flaming
 Q - a +2 scimitar of electrocution
 R - a +3 scimitar of holy wrath
 V - a +3 great sword of slicing
Missiles
 h - 8 javelins (quivered)
 p - 146 stones
 z - a throwing net
Armour
 a - a +1 pair of boots (worn)
 c - a +3 scale mail of cold resistance
 f - a +1 ring mail of magic resistance
 j - a +2 hat (worn)
 H - a +1 cloak of poison resistance
 M - a scarf of repulsion (worn)
 O - the +3 pair of gauntlets of War (worn) {Slay+5}
   (You found it on level 6 of the Lair of Beasts)

   It affects your accuracy and damage with ranged weapons and melee attacks
   (+5).
 S - a +1 plate armour of fire resistance
 X - a +2 buckler of resistance (worn)
 Y - +0 swamp dragon scales (worn)
Jewellery
 t - an uncursed ring of resist corrosion
 u - an uncursed ring of protection from magic
 v - an uncursed ring of protection from cold
 D - a ring of wizardry (left hand)
 I - an amulet of regeneration (around neck)
 W - a ring of see invisible (right hand)
Wands
 k - a wand of enslavement (14)
 m - a wand of paralysis (14)
 F - a wand of clouds (23)
 N - a wand of iceblast (13)
 P - a wand of acid (19)
Scrolls
 b - a scroll of immolation
 g - 9 scrolls of teleportation
 i - a scroll of identify
 q - a scroll of remove curse
 r - a scroll of magic mapping
 C - 6 scrolls of fear
 G - 4 scrolls of fog
 U - 3 scrolls of silence
Potions
 l - 2 potions of resistance
 o - a potion of might
 s - 9 potions of lignification
 w - 10 potions of curing
 x - 4 potions of brilliance
 y - 3 potions of ambrosia
 A - 3 potions of cancellation
 E - 2 potions of invisibility
 J - a potion of agility
 K - 4 potions of heal wounds
 T - 4 potions of magic
Miscellaneous
 e - a lightning rod (4/4)
 L - a sack of spiders
Comestibles
 d - 28 rations


   Skills:
 - Level 17.3(15.7) Fighting
 - Level 16.0(14.4) Long Blades
   Level 4.2(3.0) Maces & Flails
 - Level 4.1(3.0) Throwing
 - Level 8.4(7.1) Armour
 - Level 14.0(12.5) Dodging
 + Level 4.5(3.3) Stealth
 - Level 5.3(4.1) Shields
 - Level 11.5(10.1) Spellcasting
 - Level 10.4(9.0) Conjurations
 - Level 6.6(5.3) Summonings
 - Level 1.1(0.0) Transmutations
 - Level 4.2(3.0) Ice Magic
 - Level 10.3(8.9) Air Magic
 - Level 8.9(7.6) Earth Magic
 - Level 11.2(9.8) Invocations
 - Level 7.4(6.2) Evocations


You had 16 spell levels left.
You knew the following spells:

 Your Spells              Type           Power        Failure   Level  Hunger
a - Sandblast             Erth           ######       1%          1    None
b - Stone Arrow           Conj/Erth      ######       1%          3    None
c - Petrify               Tmut/Erth      #####...     2%          4    None
d - Lee's Rapid Deconstr  Erth           ######....   1%          5    #......
e - Ozocubu's Armour      Chrm/Ice       ####....     1%          3    None
f - Summon Lightning Spi  Summ/Air       ######..     1%          4    None
g - Freezing Cloud        Conj/Ice/Air   ######....   10%         6    ####...


Dungeon Overview and Level Annotations

Branches:
Dungeon (14/15)            Temple (1/1) D:6            Lair (6/6) D:11
  Swamp (4/4) Lair:3        Snake (4/4) Lair:4          Orc (2/2) D:11
    Elf (0/3) Orc:2        Vaults (5/5) D:14          Crypt (1/3) Vaults:3
  Slime: Lair:5-6

Altars:
Ashenzari
Cheibriados
Dithmenos
Elyvilon
Fedhas
Gozag
Hepliaklqana
Kikubaaqudgha
Makhleb
Nemelex Xobeh
Okawaru
Ru
Sif Muna
Uskayaw
Xom
Yredelemnul
Zin
The Shining One
Beogh

Shops:
D:11 }   D:14 [   Orc:2 (=([

Portals:
Trove: D:13 (give 6 scrolls of blinking)

Annotations:
D:4 korald's ghost, novice CeHu
D:7 4 runed doors
D:8 Pikel
Swamp:4 Lernaean hydra


Innate Abilities, Weirdness & Mutations

Shadows flee at your approach. (+LOS)
You can swim through water.
You cover ground slowly.
You can hop long distances.
You are partially covered in iridescent scales. (AC +2)
You have a somewhat thin skeletal structure. (Dex +2, Stealth)
You are partially covered in yellow scales. (AC +2)
You are covered in fur. (AC +1)


Message History

* * * LOW HITPOINT WARNING * * *
You slash the golden dragon!
The golden dragon is lightly wounded.
The golden dragon bites you but does no damage.
The golden dragon barely misses you. x2
You block the phantasmal warrior's attack.
Unknown command.
You slash the golden dragon!
The golden dragon is moderately wounded.
Your surroundings suddenly seem different.
The stone giant throws a large rock.
The large rock completely misses you.
Found a large rock.
A stone giant comes into view.
Unknown command.
Okay, then.
You step out of the flow of time.
You return to the normal time flow.
You feel somewhat more hungry.
The titan points at you and mumbles some strange words.
The bolt of lightning hits you!
You die...

......(.)<<)Qo........
####....([[..C########
##### #...(...*..(o.ยง
..C..##...c....#....$.
C....$..###...(#cC....
.C......###....#.......
.........##....#.......
#......##....#.......
#.....@##....# ...
###....##....# #####
#....# ##$$$## #....#
##$($($## #....#
#$$:}($$# #....#
#WDD($# #....#
)..#.$$## #....# #.
##### #....#


You could see a titan, a stone giant and an ettin.

Vanquished Creatures
  Frederick (Vaults:3)
  Saint Roka (Vaults:3)
  Jorgrun (Snake:3)
  A tentacled monstrosity (Vaults:5)
  Rupert (Lair:5)
  A titan (Vaults:4)
  Gastronok (D:8)
  3 thorn hunters
  A tengu reaver (Vaults:4)
  A storm dragon (Vaults:4)
  9 nagarajas (Snake:4)
  2 shadow dragons
  2 orc warlords
  Aizul (Snake:3)
  A frost giant (Vaults:4)
  7 vault wardens
  6 ironheart preservers
  A very ugly thing (Swamp:1)
  5 stone giants
  2 war gargoyles (Vaults:4)
  2 deep elf demonologists
  A deep elf annihilator (Vaults:3)
  5 dire elephants (Lair:6)
  2 deep elf death magi
  4 ettins
  Snorg (Lair:4)
  A crystal guardian (Vaults:4)
  2 great orbs of eyes
  6 yaktaur captains
  10 naga warriors
  5 centaur warriors
  2 ghost crabs
  32 vault guards
  9 hydras
  13 anacondas
  2 catoblepae
  9 two-headed ogres
  6 alligators
  A death knight (Crypt:1)
  The ghost of lis82 the Thaumaturge, a journeyman SpEn of Sif Muna (D:12)
  2 ogre magi (Vaults:4)
  9 naga sharpshooters
  An orc high priest (Orc:2)
  4 shock serpents
  A deep elf knight (Vaults:5)
  4 skeletal warriors
  2 spriggan druids
  A glowing orange brain (Vaults:2)
  5 deep trolls (Vaults:4)
  2 unseen horrors
  4 naga ritualists
  4 swamp dragons
  2 wizards (D:14)
  A deep elf archer (Vaults:4)
  A lindwurm (Lair:6)
  3 shambling mangroves (Swamp:3)
  A golden dragon skeleton (Crypt:1)
  5 ironbrand convokers
  2 necromancers (D:14)
  8 mana vipers
  A wolf spider (Vaults:4)
  A phantasmal warrior (Vaults:4)
  5 orc knights
  9 salamanders
  A cyclops (shapeshifter) (D:14)
  10 deep elf magi
  5 orc sorcerers (Orc:2)
  13 ugly things
  4 cyclopes
  A moth of wrath (shapeshifter) (Vaults:5)
  23 black mambas
  Joseph (D:10)
  15 guardian serpents
  11 naga magi
  2 ice statues (IceCv)
  A gargoyle (D:11)
  16 spiny frogs
  4 vault sentinels
  4 elephants (Lair:6)
  8 rime drakes
  9 komodo dragons
  2 efreet
  19 yaktaurs
  4 freezing wraiths (Vaults:4)
  2 ice devils (Lair:1)
  A meliai (D:12)
  7 trolls
  11 slime creatures
  11 hornets
  5 tyrant leeches
  11 dream sheep
  10 blink frogs
  3 bog bodies
  14 hippogriffs
  Sigmund (D:4)
  4 shadows
  A redback (Vaults:4)
  A tarantella (shapeshifter) (Vaults:3)
  A wyvern (Lair:3)
  4 spriggans
  18 humans (D:14)
  A basilisk (Lair:4)
  A fire bat (Volcano)
  46 yaks
  Menkaure (D:4)
  48 nagas
  6 insubstantial wisps (Swamp:1)
  10 swamp worms
  21 vampire mosquitoes
  An acid dragon (D:11)
  2 water moccasins (Lair:3)
  3 wargs
  A porcupine (D:11)
  7 ice beasts
  4 sky beasts
  A black bear (D:9)
  An eye of draining (shapeshifter) (Vaults:4)
  41 orc warriors
  4 swamp drakes
  An eye of draining (D:14)
  3 phantoms
  2 centaurs
  19 ogres
  6 wolves (Lair:6)
  11 crocodiles
  A big kobold (D:11)
  16 bullfrogs
  2 wyvern skeletons
  A water moccasin skeleton (D:12)
  7 scorpions
  11 killer bees
  3 electric eels
  2 centaur zombies
  A howler monkey (D:5)
  8 crimson imps
  2 jellies
  23 orc priests
  27 orc wizards
  5 centaur skeletons
  2 hounds
  3 bullfrog skeletons
  Natasha (D:4)
  2 iguanas
  7 worker ants
  2 centaur simulacra
  2 hound zombies
  A hound skeleton (D:7)
  9 gnolls
  A howler monkey skeleton (D:11)
  12 adders
  2 shadow imps
  4 oozes
  2 adder skeletons
  An adder zombie (D:7)
  A worm (D:4)
  2 leopard geckos
  113 orcs
  9 bats
  8 giant cockroaches
  3 goblins
  2 hobgoblins
  4 jackals (Sewer)
  3 quokkas
  4 ball pythons
  2 frilled lizards (Sewer)
  A jackal skeleton (D:4)
  A jackal zombie (D:9)
  7 kobolds
  2 quokka skeletons
  3 rats
  A fungus (D:3)
  A plant (Lair:6)
1066 creatures vanquished.

Vanquished Creatures (collateral kills)
  Louise (Swamp:1)
  A troll (Vaults:3)
  An orc warrior (D:7)
  2 ogres (Vaults:3)
  An orc priest (D:7)
  An orc wizard (D:7)
  An orc (Vaults:3)
8 creatures vanquished.

Vanquished Creatures (others)
  A deep elf knight (Vaults:3)
  A black mamba (Snake:3)
  A human (D:14)
  An orc warrior (Vaults:5)
  A quokka (D:6)
  2 bushes (Lair:6)
  28 fungi
  18 plants
53 creatures vanquished.

Grand Total: 1127 creatures vanquished

Notes
Turn   | Place    | Note
-------+----------+-------------------------------------------
     0 | D:1      | Lavandula the Barachi Earth Elementalist began the quest for the Orb.
     0 | D:1      | Reached XP level 1. HP: 13/13 MP: 3/3
    43 | D:1      | Reached XP level 2. HP: 16/19 MP: 1/6
   250 | D:3      | Reached XP level 3. HP: 24/24 MP: 4/8
   255 | D:3      | Learned a level 3 spell: Stone Arrow
   258 | D:3      | Found a glowing drain.
   321 | Sewer    | Entered a sewer
   528 | Sewer    | Reached XP level 4. HP: 27/30 MP: 5/10
   885 | D:3      | Reached XP level 5. HP: 17/35 MP: 4/11
   960 | D:4      | Noticed korald's ghost (novice CeHu)
  1208 | D:4      | Noticed Sigmund
  1213 | D:4      | Reached skill level 1 in Maces & Flails
  1219 | D:4      | Learned a level 4 spell: Petrify
  1244 | D:4      | Killed Sigmund
  1244 | D:4      | Reached XP level 6. HP: 36/41 MP: 4/12
  1251 | D:4      | Learned a level 5 spell: Lee's Rapid Deconstruction
  1269 | D:4      | Noticed a phantom
  1518 | D:4      | Killed a phantom
  1518 | D:4      | Reached skill level 5 in Earth Magic
  1518 | D:4      | Reached XP level 7. HP: 37/46 MP: 4/13
  1677 | D:5      | Entered Level 5 of the Dungeon
  1696 | D:4      | Noticed Natasha
  1705 | D:4      | Killed Natasha
  1902 | D:4      | Noticed Menkaure
  1926 | D:4      | Killed Menkaure
  1998 | D:5      | Reached XP level 8. HP: 52/52 MP: 9/14
  2257 | D:6      | Found a staircase to the Ecumenical Temple.
  2266 | Temple   | Entered the Ecumenical Temple
  2273 | Temple   | Became a worshipper of Cheibriados the Contemplative
  2348 | D:6      | Found a shadowy altar of Dithmenos.
  2573 | D:5      | Found a deep blue altar of Sif Muna.
  2610 | D:6      | Found a white marble altar of Elyvilon.
  2786 | D:7      | Found a large runed door.
  2786 | D:7      | Found a large runed door.
  2789 | D:7      | Noticed a hippogriff
  2792 | D:7      | Killed a hippogriff
  2792 | D:7      | Reached skill level 3 in Fighting
  2803 | D:7      | Noticed a hippogriff
  2807 | D:7      | Killed a hippogriff
  2807 | D:7      | Reached skill level 5 in Fighting
  2818 | D:7      | Got a blackened shortbow
  2819 | D:7      | Identified the +10 shortbow of Hitotrur {venom, rPois} (You found it on level 7 of the Dungeon)
  2849 | D:7      | Found a large runed door.
  2849 | D:7      | Found a large runed door.
  2862 | D:7      | Reached XP level 9. HP: 48/68 MP: 11/15
  2872 | D:7      | Reached * piety under Cheibriados
  2873 | D:7      | Noticed a cyclops
  2878 | D:7      | Gained mutation: You are partially covered in iridescent scales. (AC +2) [potion of mutation]
  2878 | D:7      | Gained mutation: You are robust. (+10% HP) [potion of mutation]
  2883 | D:7      | Killed a cyclops
  2883 | D:7      | Reached skill level 5 in Dodging
  3019 | D:7      | Reached skill level 1 in Shields
  3103 | D:7      | Found a deep blue altar of Sif Muna.
  3383 | D:7      | Reached skill level 5 in Shields
  3433 | D:8      | Reached skill level 6 in Fighting
  3469 | D:8      | Reached ** piety under Cheibriados
  3484 | D:8      | Reached skill level 1 in Armour
  3494 | D:8      | Reached XP level 10. HP: 65/83 MP: 4/16
  3630 | D:8      | Reached skill level 5 in Spellcasting
  3669 | D:8      | Reached *** piety under Cheibriados
  3881 | D:8      | Noticed Gastronok
  3889 | D:8      | Killed Gastronok
  3957 | D:8      | Noticed Pikel
  4135 | D:9      | Reached skill level 1 in Invocations
  4215 | D:9      | Reached XP level 11. HP: 89/89 MP: 17/23
  4406 | D:10     | Entered Level 10 of the Dungeon
  4412 | D:9      | Reached **** piety under Cheibriados
  4522 | D:10     | Noticed Joseph
  4534 | D:10     | Killed Joseph
  4614 | D:10     | Reached skill level 5 in Long Blades
  4848 | D:11     | Learned a level 3 spell: Ozocubu's Armour
  4955 | D:11     | Found a staircase to the Lair.
  4974 | D:11     | Found Guemior's Gadget Shop.
  4978 | D:11     | Reached ***** piety under Cheibriados
  5193 | D:12     | Noticed a great orb of eyes
  5193 | D:12     | Noticed a centaur warrior
  5193 | D:12     | Noticed a cyclops
  5194 | D:12     | Noticed lis82's ghost (journeyman SpEn)
  5196 | D:12     | Noticed a centaur warrior
  5198 | D:12     | Killed lis82's ghost
  5198 | D:12     | Killed a centaur warrior
  5198 | D:12     | Reached skill level 10 in Long Blades
  5386 | D:12     | Noticed a two-headed ogre
  5392 | D:11     | Killed a great orb of eyes
  5392 | D:11     | Reached skill level 5 in Invocations
  5427 | D:11     | Reached XP level 12. HP: 80/96 MP: 13/24
  5449 | D:11     | Found a staircase to the Orcish Mines.
  5459 | D:11     | Found a roughly hewn altar of Beogh.
  5485 | Orc:1    | Entered Level 1 of the Orcish Mines
  5487 | Orc:1    | Noticed an orc warlord
  5488 | Orc:1    | Noticed a stone giant
  5495 | D:11     | Killed a stone giant
  5673 | D:11     | Killed an orc warlord
  5816 | Orc:1    | Noticed an ettin
  5828 | Orc:1    | Killed an ettin
  5996 | Orc:2    | Entered Level 2 of the Orcish Mines
  6126 | Orc:2    | Found a staircase to the Elven Halls.
  6143 | Orc:2    | Found a roughly hewn altar of Beogh.
  6379 | Orc:2    | Noticed an orc high priest
  6383 | Orc:2    | Killed an orc high priest
  6383 | Orc:2    | Reached ****** piety under Cheibriados
  6434 | Orc:2    | Reached skill level 1 in Evocations
  6508 | Orc:2    | Noticed an orc warlord
  6557 | Orc:2    | Killed an orc warlord
  6577 | Orc:2    | Found Seud's Antique Weapon Boutique.
  6578 | Orc:2    | Found a roughly hewn altar of Beogh.
  6580 | Orc:2    | Found Wihauphe's Antique Armour Shop.
  6676 | Orc:2    | Found a roughly hewn altar of Beogh.
  6739 | Orc:2    | Gained mutation: You can hop long distances. [Barachi growth]
  6739 | Orc:2    | Reached XP level 13. HP: 104/104 MP: 7/25
  6739 | Orc:2    | Reached skill level 7 in Fighting
  6889 | Orc:2    | Reached skill level 8 in Fighting
  6890 | Orc:2    | Found a roughly hewn altar of Beogh.
  6905 | Orc:2    | Found Sianaj's Jewellery Shoppe.
  6974 | Orc:2    | Found a roughly hewn altar of Beogh.
  6989 | Orc:2    | Found Teni's Weapon Emporium.
  6994 | Orc:2    | Bought a +0 long sword of electrocution for 160 gold pieces
  7148 | Orc:2    | Found a roughly hewn altar of Beogh.
  7239 | Orc:2    | Bought a runed scarf for 232 gold pieces
  7255 | Orc:2    | Bought a glowing scale mail for 203 gold pieces
  7446 | Lair:1   | Entered Level 1 of the Lair of Beasts
  7446 | Lair:1   | Found a shattered altar of Ashenzari.
  7510 | Lair:1   | Found a dark tunnel.
  7516 | Volcano  | Entered a volcano
  7538 | Lair:1   | Reached skill level 9 in Fighting
  7666 | Lair:1   | Found a frozen archway.
  7688 | IceCv    | Entered an ice cave
  7688 | IceCv    | Found a transporter.
  7804 | IceCv    | Reached skill level 10 in Fighting
  7836 | IceCv    | Learned a level 4 spell: Summon Lightning Spire
  7970 | Lair:1   | Lost mutation: You are partially covered in iridescent scales. (AC +2) [potion of mutation]
  7970 | Lair:1   | Lost mutation: You are robust. (+10% HP) [potion of mutation]
  7970 | Lair:1   | Gained mutation: You have a somewhat thin skeletal structure. (Dex +2, Stealth) [potion of mutation]
  7970 | Lair:1   | Gained mutation: You are partially covered in iridescent scales. (AC +2) [potion of mutation]
  7970 | Lair:1   | Gained mutation: You are partially covered in yellow scales. (AC +2) [potion of mutation]
  7970 | Lair:1   | Gained mutation: You are covered in fur. (AC +1) [potion of mutation]
  8029 | Lair:2   | Reached skill level 11 in Fighting
  8130 | Lair:3   | Identified a scroll of acquirement
  8240 | Lair:3   | Reached skill level 12 in Fighting
  8441 | Lair:3   | Reached skill level 13 in Fighting
  8537 | Lair:5   | Noticed Rupert
  8558 | Lair:4   | Noticed Snorg
  8672 | Lair:3   | Reached XP level 14. HP: 98/118 MP: 20/26
  8706 | Lair:4   | Killed Snorg
  8731 | Lair:4   | Got a fine double sword
  8738 | Lair:4   | Identified the +2 double sword of the Lesser Evil {vamp, +Inv +Fly rF- Stlth-} (You acquired it on level 4 of the Lair of Beasts)
  8767 | Lair:5   | Paralysed by Rupert for 4 turns
  8813 | Lair:5   | Killed Rupert
  8860 | Lair:4   | Found a shimmering altar of Xom.
  8907 | Lair:4   | Found a staircase to the Snake Pit.
  8968 | Lair:6   | Entered Level 6 of the Lair of Beasts
  9037 | Lair:6   | Got a slimy leather armour
  9048 | Lair:6   | Identified the +0 leather armour of the Chupacabra {rN+ Str-4 Dex+3} (You found it on level 6 of the Lair of Beasts)
  9467 | Lair:6   | Noticed a dire elephant
  9467 | Lair:6   | Noticed a dire elephant
  9468 | Lair:6   | Found the +3 pair of gauntlets of War {Slay+5}
  9468 | Lair:6   | Noticed a dire elephant
  9478 | Lair:6   | Killed a dire elephant
  9482 | Lair:6   | Killed a dire elephant
  9487 | Lair:6   | Killed a dire elephant
  9487 | Lair:6   | Reached skill level 15 in Long Blades
  9631 | Lair:6   | Reached skill level 5 in Evocations
  9735 | Lair:6   | Noticed a dire elephant
  9747 | Lair:6   | Killed a dire elephant
  9769 | Lair:6   | Noticed a dire elephant
  9782 | Lair:6   | Killed a dire elephant
 10130 | Lair:3   | Found a staircase to the Swamp.
 10136 | Lair:3   | Reached XP level 15. HP: 124/124 MP: 27/27
 10141 | Swamp:1  | Entered Level 1 of the Swamp
 10236 | Swamp:1  | Noticed a thorn hunter
 10248 | Swamp:1  | Killed a thorn hunter
 10445 | Swamp:2  | Reached skill level 1 in Summonings
 10449 | Swamp:2  | Reached skill level 1 in Air Magic
 10496 | Swamp:4  | Entered Level 4 of the Swamp
 10496 | Swamp:4  | Noticed a thorn hunter
 10506 | Swamp:4  | Killed a thorn hunter
 10633 | Swamp:3  | Reached skill level 5 in Air Magic
 10761 | Swamp:1  | Noticed Louise
 10780 | Swamp:1  | Killed Louise
 10833 | Swamp:1  | Reached skill level 5 in Summonings
 10867 | Swamp:2  | Got a pair of ichor-stained boots
 10873 | Swamp:2  | Identified the +1 pair of boots "Ganlevvu" {-Tele +Fly Int+8} (You found it on level 2 of the Swamp)
 11092 | Swamp:4  | Noticed the 27-headed Lernaean hydra
 11190 | Swamp:4  | Noticed a thorn hunter
 11202 | Swamp:4  | Killed a thorn hunter
 11220 | Swamp:3  | Reached XP level 16. HP: 80/131 MP: 11/28
 11317 | Swamp:4  | Got a decaying rune of Zot
 11478 | Snake:1  | Entered Level 1 of the Snake Pit
 11776 | Snake:2  | Reached skill level 10 in Dodging
 12105 | Snake:3  | Reached skill level 14 in Fighting
 12144 | Snake:3  | Noticed Jorgrun
 12174 | Snake:3  | Killed Jorgrun
 12184 | Snake:3  | Noticed Aizul
 12188 | Snake:3  | Reached skill level 15 in Fighting
 12205 | Snake:3  | Killed Aizul
 12242 | Snake:4  | Entered Level 4 of the Snake Pit
 12421 | Snake:4  | Reached skill level 16 in Fighting
 12458 | Snake:4  | Noticed a nagaraja
 12470 | Snake:4  | Killed a nagaraja
 12483 | Snake:4  | Noticed a nagaraja
 12493 | Snake:4  | Killed a nagaraja
 12496 | Snake:4  | Noticed a nagaraja
 12503 | Snake:4  | Reached skill level 1 in Ice Magic
 12520 | Snake:4  | Killed a nagaraja
 12538 | Snake:4  | Reached XP level 17. HP: 144/145 MP: 29/29
 12556 | Snake:4  | Reached skill level 1 in Conjurations
 12628 | Snake:4  | Reached skill level 5 in Conjurations
 12971 | Snake:4  | Reached skill level 10 in Conjurations
 13043 | Snake:4  | Got a serpentine rune of Zot
 13209 | Lair:4   | Learned a level 6 spell: Freezing Cloud
 13338 | D:12     | Got a warped jade amulet
 13339 | D:12     | Identified the amulet "Runur" {Faith rElec Str-2 Int+9 Dex-5} (You found it on level 12 of the Dungeon)
 13492 | D:13     | Found a portal to a secret trove of treasure.
 13551 | D:13     | Found a flagged portal.
 13558 | Bailey   | Entered a bailey
 13723 | Bailey   | Got an ancient cloak
 13785 | Bailey   | Identified the +1 cloak of Altruism {Int+2} (You found it in a bailey)
 13905 | D:14     | Found Oloovuod's Antique Armour Emporium.
 14100 | D:14     | Reached skill level 10 in Air Magic
 14274 | D:14     | Reached XP level 18. HP: 153/153 MP: 30/30
 14300 | D:14     | Found a gate to the Vaults.
 14497 | Vaults:1 | Entered Level 1 of the Vaults
 14585 | Vaults:1 | Reached skill level 10 in Spellcasting
 14780 | Vaults:2 | Reached skill level 10 in Invocations
 14869 | Vaults:3 | Noticed Saint Roka
 14884 | Vaults:3 | Killed Saint Roka
 14995 | Vaults:3 | Found a staircase to the Crypt.
 14995 | Vaults:3 | Found an ancient bone altar of Kikubaaqudgha.
 14995 | Vaults:3 | Found a basalt altar of Yredelemnul.
 15039 | Crypt:1  | Entered Level 1 of the Crypt
 15207 | Vaults:4 | Noticed Frederick
 15217 | Vaults:3 | Killed Frederick
 15499 | Vaults:4 | Reached XP level 19. HP: 137/159 MP: 25/34
 15811 | Vaults:5 | Entered Level 5 of the Vaults
 15828 | Vaults:4 | Reached skill level 5 in Armour
 15964 | Vaults:5 | Reached skill level 1 in Throwing
 16059 | Vaults:5 | Noticed a tentacled monstrosity
 16068 | Vaults:5 | Killed a tentacled monstrosity
 16242 | Vaults:4 | Reached skill level 17 in Fighting
 16554 | Vaults:4 | Reached XP level 20. HP: 161/168 MP: 30/35
 16675 | Vaults:5 | Noticed a golden dragon
 16683 | Vaults:5 | Killed from afar by a titan

Skill      XL: |  1  2  3  4  5  6  7  8  9 10 11 12 13 14 15 16 17 18 19 |
---------------+----------------------------------------------------------+-----
Spellcasting   | 3 4 8 11 | 11.5
Maces & Flails | 4 |  4.2
Earth Magic    | 5 7 8 |  8.9
Fighting       | 5 6 13 16 17 | 17.3
Dodging        | 3 5 7 8 11 12 14 | 14.0
Shields        | 5 |  5.3
Armour         | 4 8 |  8.4
Long Blades    | 3 10 11 15 16 | 16.0
Invocations    | 2 5 8 9 11 | 11.2
Evocations     | 4 7 |  7.4
Summonings     | 6 |  6.6
Air Magic      | 7 10 | 10.3
Ice Magic      | 4 |  4.2
Conjurations   | 10 | 10.4
Throwing       | 4 |  4.1
Stealth        | 4 |  4.5
Transmutations | |  1.1

Action                   |  1- 3 |  4- 6 |  7- 9 | 10-12 | 13-15 | 16-18 | 19-21 || total
-------------------------+-------+-------+-------+-------+-------+-------+-------++-------
Melee: Unarmed           |    11 |       |       |       |       |       |       ||    11
       Dagger            |    26 |    19 |       |       |       |       |       ||    45
       Flail             |       |    28 |   105 |    13 |       |       |       ||   146
       War axe           |       |       |     8 |       |       |       |       ||     8
       Scimitar          |       |       |       |   218 |   143 |    17 |       ||   378
       Eveningstar       |       |       |       |    21 |       |       |       ||    21
       Long sword        |       |       |       |       |    34 |       |       ||    34
       Double sword      |       |       |       |       |   493 |  1058 |   371 ||  1922
Throw: Javelin           |       |       |       |       |     2 |       |       ||     2
 Cast: Sandblast         |    44 |    43 |    65 |   119 |   133 |    39 |       ||   443
       Stone Arrow       |       |     6 |    34 |    31 |    28 |    15 |    19 ||   133
       Lee's Rapid Decon |       |       |     3 |    39 |    33 |    44 |    17 ||   136
       Ozocubu's Armour  |       |       |       |     1 |       |       |       ||     1
       Petrify           |       |       |       |     5 |     4 |     2 |       ||    11
       Summon Lightning  |       |       |       |       |     3 |     3 |     1 ||     7
       Freezing Cloud    |       |       |       |       |       |     4 |    13 ||    17
Invok: Slouch            |       |       |       |     1 |    13 |     5 |       ||    19
       Step From Time    |       |       |       |     1 |       |       |     2 ||     3
       Bend Time         |       |       |       |       |     1 |       |       ||     1
       Temporal Distorti |       |       |       |       |       |     4 |     2 ||     6
 Abil: Hop               |       |     1 |     3 |    16 |    12 |    12 |     9 ||    53
       Evoke Invisibilit |       |       |       |       |     4 |     1 |       ||     5
Evoke: Sack of spiders   |       |       |     2 |     1 |       |       |       ||     3
       Wand              |       |       |       |    23 |     1 |     4 |     1 ||    29
  Use: Scroll            |       |     2 |     9 |    12 |    20 |    12 |     4 ||    59
       Potion            |       |       |     3 |       |     5 |     2 |     3 ||    13
 Stab: Sleeping          |       |     2 |     4 |       |       |     4 |     1 ||    11
       Distracted        |       |       |       |     2 |     4 |     3 |       ||     9
       Petrified         |       |       |       |    14 |       |       |       ||    14
       Invisible         |       |       |       |       |    14 |     1 |       ||    15
  Eat: Chunk             |       |     3 |     6 |    13 |    12 |     6 |     2 ||    42
       Ration            |       |       |     1 |       |     5 |     4 |     1 ||    11
Armor: Robe              |    21 |    15 |    17 |       |       |       |       ||    53
       Ring mail         |       |       |       |    51 |    10 |    95 |       ||   156
       Acid dragon scale |       |       |       |    13 |       |       |       ||    13
       Troll leather arm |       |       |       |     5 |       |       |       ||     5
       Chain mail        |       |       |       |       |   319 |       |       ||   319
       Scale mail        |       |       |       |       |    49 |       |       ||    49
       Swamp dragon scal |       |       |       |       |    52 |   268 |   102 ||   422
Dodge: Dodged            |    50 |    31 |    95 |   204 |   704 |  1202 |   297 ||  2583
       Deflected         |       |       |       |     8 |     9 |    82 |    23 ||   122
Block: Buckler           |       |       |     4 |   105 |   435 |   583 |   142 ||  1269
       Rpst.: Scimitar   |       |       |       |    44 |    57 |     4 |       ||   105
       Long sword        |       |       |       |       |    15 |       |       ||    15
       Double sword      |       |       |       |       |   107 |   247 |    60 ||   414
